 Dungeon Crawl Stone Soup version 0.30-a0-371-gad7725a93e (webtiles) character file.

Game seed: 5705601449063755660

222 Maxmaps the Ducker (level 5, 0/47 HPs)
             Began as a Gnoll Monk on Nov 23, 2022.
             Slain by Duvessa
             ... wielding a +0 rapier
              (6 damage)
             ... on level 5 of the Dungeon.
             The game lasted 00:02:55 (2378 turns).

Maxmaps the Ducker (Gnoll Monk)                     Turns: 2378, Time: 00:02:56

Health: 0/47       AC:  7    Str: 10    XL:     5   Next: 99%
Magic:  7/7        EV: 15    Int: 11    God:
Gold:   186        SH:  0    Dex: 15    Spells: 7/7 levels left

rFire   . . .      SeeInvis .    i - +0 flail
rCold   . . .      Faith    .    (no shield)
rNeg    + . .      Spirit   .    b - +0 robe
rPois   .          Reflect  .    (no helmet)
rElec   .          Harm     .    k - +2 cloak
rCorr   .          Rampage  .    g - +1 pair of gloves
Will    .....                    (no boots)
Stlth   +++.......               (no amulet)
HPRegen 0.27/turn                o - ring of wizardry
MPRegen 0.10/turn                p - ring of positive energy

@: no status effects
A: fangs 1, strong nose, distributed training
a: no special abilities


You were on level 5 of the Dungeon.
You visited 1 branch of the dungeon, and saw 4 of its levels.

You collected 186 gold pieces.

Inventory:

Hand Weapons
 i - a +0 flail (weapon)
Armour
 b - a +0 robe (worn)
 d - a +0 cloak
 g - a +1 pair of gloves (worn)
 k - a +2 cloak (worn)
Jewellery
 o - a ring of wizardry (left hand)
 p - a ring of positive energy (right hand)
Scrolls
 e - 2 scrolls of identify
 f - a scroll of enchant armour
 h - a scroll of poison
 m - a scroll of noise {unknown}
 n - a scroll of immolation {unknown}
 q - a scroll of summoning {unknown}
Potions
 a - 2 potions of curing {unknown}
 c - a potion of ambrosia
 l - a potion of might {unknown}


   Skills:
 + Level 6.8 Fighting
 + Level 1.8 Short Blades
 + Level 6.8 Long Blades
 + Level 1.8 Axes
 + Level 1.8 Maces & Flails
 + Level 1.8 Polearms
 + Level 1.8 Staves
 + Level 1.8 Ranged Weapons
 + Level 1.8 Throwing
 + Level 1.8 Armour
 + Level 6.8 Dodging
 + Level 4.5 Stealth
 + Level 1.8 Shields
 + Level 1.8 Unarmed Combat
 + Level 1.8 Spellcasting
 + Level 1.4 Conjurations
 + Level 1.4 Hexes
 + Level 1.4 Summonings
 + Level 1.4 Necromancy
 + Level 1.4 Translocations
 + Level 1.4 Transmutations
 + Level 1.4 Fire Magic
 + Level 1.4 Ice Magic
 + Level 1.4 Air Magic
 + Level 1.4 Earth Magic
 + Level 1.4 Poison Magic
 + Level 2.0 Invocations
 + Level 1.8 Evocations


You had 7 spell levels left.
You didn't know any spells.
Your spell library contained the following spells:

 Spells                   Type           Power      Damage    Failure   Level
 Momentum Strike          Conj/Tloc      8%         3d8       11%         2
 Dazzling Flash           Conj/Hex       8%         N/A       21%         3
 Mephitic Cloud           Conj/Pois/Air  4%         N/A       21%         3
 Agony                    Necr           4%         N/A       86%         5
 Blade Hands              Tmut           2%         N/A       86%         5
 Freezing Cloud           Conj/Ice/Air   2%         6-21      86%         5
 Irradiate                Conj/Tmut      2%         3d12      86%         5
 Silence                  Hex/Air        2%         N/A       86%         5
 Dragon Form              Tmut           2%         N/A       100%        7


Dungeon Overview and Level Annotations

Branches:
Dungeon (3/15)

Altars:
Wu Jian

Annotations:
D:5 Dowan, Duvessa


Innate Abilities, Weirdness & Mutations

You have very sharp teeth.
Your uncanny sense of smell can sniff out nearby items.
Your experience applies equally to all skills.


Message History

Dowan blinks!
You sock the phantom!
The phantom is almost destroyed.
The phantom misses you.
You barely miss the phantom.
The phantom is almost destroyed.
The phantom hits you.
The phantom blinks!
You blink.
The phantom barely misses you. The phantom attacks as you move away!
The phantom barely misses you. The phantom attacks as you move away!
The phantom hits you.
The ogre shouts!
You hit the phantom.
You destroy the phantom!
Duvessa is engulfed in poison gas.
Duvessa is poisoned.
Your Invocations skill increases to level 2!
Duvessa is engulfed in poison gas.
Duvessa looks even sicker.
Duvessa is engulfed in poison gas.
Duvessa looks even sicker.
Duvessa looks as sick as possible!
Duvessa hits you with a +0 rapier! Duvessa hits you but does no damage.
Duvessa attacks as you move away! Duvessa misses you.
You hit Duvessa.
Duvessa is heavily wounded.
Duvessa hits you with a +0 rapier! Duvessa closely misses you.
You closely miss Duvessa.
Duvessa is heavily wounded.
Duvessa hits you with a +0 rapier. Duvessa barely misses you.
You sock Duvessa! You bite Duvessa, but do no damage.
Duvessa is almost dead.
Duvessa hits you with a +0 rapier.
* * * LOW HITPOINT WARNING * * *
Duvessa hits you but does no damage.
You barely miss Duvessa. You bite Duvessa, but do no damage.
Duvessa is almost dead.
Duvessa barely misses you. x2
As you read the scroll labelled DEJIGE HIT YSH, it crumbles to dust.
You hear the tinkle of a tiny bell.
It was a scroll of butterflies.
Duvessa hits you with a +0 rapier!
* * * LOW HITPOINT WARNING * * *
Duvessa hits you with a +0 rapier.
You die...

#....##ยง#
###..##.#
#..##.#####.#
#..##.......#
#.......#...#
##b##...# .#
#b##.b.# #
#b##bbb#.#.#.
#b@eObbb.....
####bbbb.....
##bb##.#.#
#..# ....
...# #. ##..
###


You could see Duvessa (fast, very poisoned, ally target) and an ogre (ally
target).

Vanquished Creatures
  A phantom (D:5)
  A hound (D:5)
  3 gnolls
  3 adders
  A worm (D:2)
  2 dart slugs
  7 ball pythons
  6 bats
  7 endoplasms
  3 giant cockroaches
  A hobgoblin (D:2)
  5 jackals
  6 kobolds
  2 frilled lizards (D:1)
  6 goblins
  7 rats
61 creatures vanquished.

Vanquished Creatures (others)
  7 plants (D:2)
7 creatures vanquished.

Grand Total: 68 creatures vanquished

Notes
Turn   | Place    | Note
-------+----------+-------------------------------------------
     0 | D:1      | Maxmaps the Gnoll Monk began the quest for the Orb.
     0 | D:1      | Reached XP level 1. HP: 23/23 MP: 1/1
   113 | D:1      | Reached XP level 2. HP: 29/29 MP: 2/2
   246 | D:1      | Got the Octavo of the Chilled Salvo
   486 | D:1      | Reached XP level 3. HP: 35/35 MP: 3/3
   702 | D:2      | Reached skill level 1 in Invocations
   809 | D:1      | Reached skill level 1 in Short Blades
   809 | D:1      | Reached skill level 1 in Axes
   809 | D:1      | Reached skill level 1 in Maces & Flails
   809 | D:1      | Reached skill level 1 in Polearms
   809 | D:1      | Reached skill level 1 in Staves
   809 | D:1      | Reached skill level 1 in Ranged Weapons
   809 | D:1      | Reached skill level 1 in Throwing
   809 | D:1      | Reached skill level 1 in Armour
   809 | D:1      | Reached skill level 1 in Shields
   809 | D:1      | Reached skill level 1 in Unarmed Combat
   809 | D:1      | Reached skill level 1 in Spellcasting
   809 | D:1      | Reached skill level 1 in Evocations
   889 | D:1      | Reached XP level 4. HP: 10/41 MP: 5/5
  1079 | D:2      | Reached skill level 1 in Conjurations
  1079 | D:2      | Reached skill level 1 in Hexes
  1079 | D:2      | Reached skill level 1 in Summonings
  1079 | D:2      | Reached skill level 1 in Necromancy
  1079 | D:2      | Reached skill level 1 in Translocations
  1079 | D:2      | Reached skill level 1 in Transmutations
  1079 | D:2      | Reached skill level 1 in Fire Magic
  1079 | D:2      | Reached skill level 1 in Ice Magic
  1079 | D:2      | Reached skill level 1 in Air Magic
  1079 | D:2      | Reached skill level 1 in Earth Magic
  1079 | D:2      | Reached skill level 1 in Poison Magic
  2156 | D:3      | Reached XP level 5. HP: 47/47 MP: 7/7
  2223 | D:3      | Found an ornate altar of the Wu Jian Council.
  2251 | D:3      | You fall into a shaft and drop 2 floors!
  2251 | D:5      | Entered Level 5 of the Dungeon
  2349 | D:5      | Noticed a phantom
  2350 | D:5      | Noticed Dowan
  2352 | D:5      | Noticed Duvessa
  2353 | D:5      | Noticed an ogre
  2369 | D:5      | Killed a phantom
  2378 | D:5      | Slain by Duvessa

Illustrated notes

Levels and vault maps discovered:
D:1:      dpeg_arrival_court, layout_basic
D:2:      layout_rooms, nicolae_grassy_gnolls
D:3:      layout_basic, nzn_wu_jian_contemplation, st_stairs_13,
          hangedman_decor_lopped
D:5:      layout_loops_ring, dk_yredelemnul_ordeal, gammafunk_ghost_mausoleum,
          nicolae_shop_vocational, uniq_duvessa, uniq_edmund, uniq_grinder,
          uniq_sigmund

Skill      XL: |  1  2  3  4  5 |
---------------+----------------+-----
Invocations    | 1 2 |  2.0
Short Blades   | 1 |  1.8
Axes           | 1 |  1.8
Maces & Flails | 1 |  1.8
Polearms       | 1 |  1.8
Staves         | 1 |  1.8
Ranged Weapons | 1 |  1.8
Throwing       | 1 |  1.8
Armour         | 1 |  1.8
Shields        | 1 |  1.8
Unarmed Combat | 1 |  1.8
Spellcasting   | 1 |  1.8
Evocations     | 1 |  1.8
Conjurations   | 1 |  1.4
Hexes          | 1 |  1.4
Summonings     | 1 |  1.4
Necromancy     | 1 |  1.4
Translocations | 1 |  1.4
Transmutations | 1 |  1.4
Fire Magic     | 1 |  1.4
Ice Magic      | 1 |  1.4
Air Magic      | 1 |  1.4
Earth Magic    | 1 |  1.4
Poison Magic   | 1 |  1.4
Fighting       | |  6.8
Long Blades    | |  6.8
Dodging        | |  6.8
Stealth        | |  4.5

Action                   |  1- 3 |  4- 6 || total
-------------------------+-------+-------++-------
Melee: Falchion          |   100 |       ||   100
       Bite              |     7 |    20 ||    27
       Flail             |       |   110 ||   110
       Punch             |       |     2 ||     2
  Use: Scroll            |       |     4 ||     4
 Stab: Sleeping          |     4 |     7 ||    11
       Distracted        |       |     1 ||     1
Armor: Robe              |    30 |    25 ||    55
Dodge: Dodged            |   118 |   115 ||   233

Table legend: (Time is in decaauts)
 A = Elapsed time spent in this place.
 B = Non-inter-level travel time spent in this place.
 C = Inter-level travel time spent in this place.
 D = Time resting spent in this place.
 E = Time spent auto-exploring this place.
 F = Levels seen in this place.
 G = Mean time per level.
                   A        B        C        D        E       F      G
               +--------+--------+--------+--------+--------+-----+--------+
         Total |   2414 |   2386 |     28 |    258 |   1550 |   4 |  603.5 |
       Dungeon |   2414 |   2386 |     28 |    258 |   1550 |   4 |  603.5 |
               +--------+--------+--------+--------+--------+-----+--------+

Top non-repeatable levels by time:
     D:1: 974 daAuts
     D:3: 704 daAuts
     D:2: 599 daAuts
     D:5: 135 daAuts
